 Dungeon Crawl Stone Soup version 0.26-a0-642-g67e99244d3 (webtiles) character file.

Game seed: 11059680969073971176

284 Gottschkopf the Changer (level 6, -2/47 HPs)
             Began as a Draconian Transmuter on Sept 21, 2020.
             Slain by Grinder (4 damage)
             ... on level 3 of the Dungeon.
             The game lasted 00:09:15 (3844 turns).

Gottschkopf the Changer (Draconian Transmuter)      Turns: 3844, Time: 00:09:16

Health: -2/47      AC:  6    Str: 12    XL:     6   Next: 7%
Magic:  8/9        EV: 12    Int: 16    God:
Gold:   281        SH:  0    Dex: 11    Spells: 3/9 levels left

rFire    . . .     SeeInvis .     - Unarmed
rCold    . . .     Faith    .   (no shield)
rNeg     . . .     Spirit   .   (armour unavailable)
rPois    +         Reflect  .   (helmet currently unavailable)
rElec    .         Harm     .   (no cloak)
rCorr    .         Rampage  .   (no gloves)
MR       .....                  (boots currently unavailable)
Stlth    +.........             (no amulet)
HPRegen  0.15/turn              (no ring)
MPRegen  0.11/turn              k - ring of poison resistance

@: appendages
A: unfitting armour, big wings, horns 1, talons 2, cold-blooded, AC +6
a: Fly, End Transformation


You were on level 3 of the Dungeon.
You had grown temporary talons.
You visited 1 branch of the dungeon, and saw 3 of its levels.

You collected 281 gold pieces.

Inventory:

Missiles
 n - 13 boomerangs (quivered)
Armour
 f - a +0 pair of boots (melded)
Jewellery
 c - an uncursed ring of flight
 k - a ring of poison resistance (right hand)
Scrolls
 b - a scroll of immolation {unknown}
 d - 3 scrolls of remove curse {unknown}
 e - 2 scrolls of enchant armour {unknown}
 g - a scroll of blinking {unknown}
 h - a scroll of identify {unknown}
 i - 2 scrolls of amnesia {unknown}
 l - a scroll of fog {unknown}
 m - a scroll of teleportation {unknown}
 p - a scroll of random uselessness {unknown}
Potions
 a - 2 potions of berserk rage {unknown}
 j - a potion of brilliance {unknown}


   Skills:
 - Level 1.1 Fighting
 - Level 1.7 Dodging
 + Level 4.7 Unarmed Combat
 - Level 2.0 Spellcasting
 - Level 5.1 Transmutations
 - Level 1.0 Poison Magic


You had 3 spell levels left.
You knew the following spells:

 Your Spells              Type           Power        Failure   Level
a - Beastly Appendage     Tmut           ###...       2%          1
b - Spider Form           Tmut/Pois      ##........   19%         3
c - Wereblood             Tmut           ###.....     3%          2

Your spell library contained the following spells:

 Spells                   Type           Power        Failure   Level
 Blade Hands              Tmut           ###.......   56%         5
 Ice Form                 Ice/Tmut       #.......     58%         4


Dungeon Overview and Level Annotations

Branches:
Dungeon (3/15)

Altars:
The Shining One

Annotations:
D:3 Grinder


Innate Abilities, Weirdness & Mutations

Your plain brown scales are hard. (AC +6)
You cannot fit into any form of body armour.
You are cold-blooded and may be slowed by cold attacks.
Your large and strong wings let you fly indefinitely.
You have a pair of small horns on your head.
You have razor-sharp toenails.


Message History

Grinder is moderately wounded.
Grinder gestures at you. You resist with significant effort.
You closely miss Grinder.
Grinder is moderately wounded.
Grinder hits you.
* * * LOW HITPOINT WARNING * * *
You barely miss Grinder.
Your tail-slap misses Grinder.
Grinder is moderately wounded.
Grinder closely misses you.
You hit Grinder.
Grinder is heavily wounded.
Grinder hits you!
* * * LOW HITPOINT WARNING * * *
You hit Grinder but do no damage.
Grinder is heavily wounded.
Grinder hits you.
* * * LOW HITPOINT WARNING * * *
You writhe in agony.
You die...

####.# .# #....# #.. #.##.#
#.# #.##.# #.# #.##.# #.#
#.##.# #.#
#.##.###########.###.###
#'##.#...............<..
...#.#.##.......@##########
...#.#.#.........5........#
...#.#.#........#########.#
..##.#.#............# #.#.#
..##.#.#.......####.#####.#.#
...........#..............#.#
..##.#'#.#..##...........##.#
..##.....................##.#
..##.......).#...........##.#


You could see Grinder.

Vanquished Creatures
  An orc priest (D:2)
  Natasha (twice) (D:3)
  Terence (D:3)
  7 adders
  An ooze (D:2)
  5 worms
  2 dart slugs
  4 leopard geckos
  7 orcs
  9 bats
  6 giant cockroaches
  9 hobgoblins
  3 quokkas
  A ball python (D:3)
  3 frilled lizards
  10 goblins
  10 kobolds
  9 rats
90 creatures vanquished.

Notes
Turn   | Place    | Note
-------+----------+-------------------------------------------
     0 | D:1      | Gottschkopf the Draconian Transmuter began the quest for
                  | the Orb.
     0 | D:1      | Reached XP level 1. HP: 16/16 MP: 3/3
   192 | D:1      | Reached XP level 2. HP: 16/23 MP: 3/5
   815 | D:1      | Reached XP level 3. HP: 28/28 MP: 4/6
   820 | D:1      | Learned a level 3 spell: Spider Form
   823 | D:1      | Learned a level 2 spell: Wereblood
  1043 | D:2      | Reached skill level 1 in Poison Magic
  1270 | D:2      | Reached XP level 4. HP: 35/35 MP: 5/7
  1286 | D:2      | Reached skill level 3 in Transmutations
  1709 | D:2      | Reached skill level 4 in Transmutations
  1709 | D:2      | Reached XP level 5. HP: 37/40 MP: 6/8
  2838 | D:3      | Found a glowing golden altar of the Shining One.
  2936 | D:3      | Noticed Natasha
  2954 | D:3      | HP: 1/40 [something (7)]
  2955 | D:3      | Gained mutation: Your large and strong wings let you fly
                  | indefinitely. [potion of mutation]
  2955 | D:3      | Gained mutation: You have a pair of small horns on your
                  | head. [potion of mutation]
  2962 | D:3      | Killed Natasha
  3382 | D:3      | Reached skill level 5 in Transmutations
  3395 | D:3      | Noticed Terence
  3410 | D:3      | Killed Terence
  3688 | D:3      | Noticed Natasha
  3695 | D:3      | Killed Natasha
  3695 | D:3      | Reached XP level 6. HP: 38/47 MP: 5/9
  3822 | D:3      | Noticed Grinder
  3829 | D:3      | Paralysed by Grinder for 4 turns
  3844 | D:3      | HP: 2/47 [Grinder (2)]
  3844 | D:3      | Slain by Grinder

Illustrated notes

Levels and vault maps discovered:
D:1:      dpeg_arrival_rhombi, layout_loops_ring
D:2:      cheibrodos_pilgrimage, layout_basic
D:3:      minmay_razor_zed, layout_basic, tso_altar, uniq_terence, uniq_grinder,
          uniq_natasha, uniq_crazy_yiuf_cottage

Skill      XL: |  1  2  3  4  5 |
---------------+----------------+-----
Unarmed Combat | 4 |  4.7
Poison Magic   | 1 |  1.0
Transmutations | 4 5 |  5.1
Fighting       | |  1.1
Dodging        | |  1.7
Spellcasting   | |  2.0

Action                   |  1- 3 |  4- 6 || total
-------------------------+-------+-------++-------
Melee: Unarmed           |    78 |   185 ||   263
       Kick              |    10 |    20 ||    30
       Headbutt          |     7 |    20 ||    27
       Tailslap          |     4 |    16 ||    20
 Cast: Beastly Appendage |    27 |    34 ||    61
       Spider Form       |     2 |     5 ||     7
       Wereblood         |       |     6 ||     6
 Abil: Fly               |       |     1 ||     1
       Stop Flying       |       |     1 ||     1
  Use: Potion            |       |     4 ||     4
Armor: Skin              |    30 |    63 ||    93
Dodge: Dodged            |    59 |   114 ||   173

Table legend: (Time is in decaauts)
 A = Elapsed time spent in this place.
 B = Non-inter-level travel time spent in this place.
 C = Inter-level travel time spent in this place.
 D = Time resting spent in this place.
 E = Time spent auto-exploring this place.
 F = Levels seen in this place.
 G = Mean time per level.
                   A        B        C        D        E       F      G
               +--------+--------+--------+--------+--------+-----+--------+
         Total |   3820 |   3759 |     61 |     45 |   3093 |   3 | 1273.3 |
       Dungeon |   3820 |   3759 |     61 |     45 |   3093 |   3 | 1273.3 |
               +--------+--------+--------+--------+--------+-----+--------+

Top non-repeatable levels by time:
     D:3: 1509 daAuts
     D:2: 1326 daAuts
     D:1: 985 daAuts
